 Dungeon Crawl Stone Soup version 0.31-a0-968-g24f9ace8b5 (webtiles) character file.

Game seed: 1045086147002855889

263 LeprechaunX the Changeling (level 6, -2/42 HPs)
             Began as an Octopode Shapeshifter on Oct 27, 2023.
             Killed from afar by an orc wizard (9 damage)
             ... with a magic dart
             ... on level 3 of the Dungeon.
             The game lasted 00:02:19 (1997 turns).

LeprechaunX the Changeling (Octopode Shapeshifter)  Turns: 1997, Time: 00:02:21

Health: -2/42      AC:  1    Str: 13    XL:     6   Next: 19%
Magic:  6/6        EV: 13    Int: 13    God:
Gold:   113        SH:  0    Dex: 13    Spells: 5/5 levels left

rFire   . .          .
                       - Unarmed
rCold   . . .        (no shield)
rNeg    . . .        (helmet currently unavailable)
rPois   .            (no amulet)
rElec   .            (no ring)
rCorr   .            (no ring)
SInv    .            (no ring)
Will    +....        (no ring)
Stlth   ++           (no ring)
HPRegen 0.27/turn    (no ring)
MPRegen 0.10/turn    (no ring)
                     (no ring)

%: no passive effects
@: confused, beast-form, enlightened, flying
A: beast (slay +2), almost no armour, amphibious, 8 rings, camouflage 1,
gelatinous body 1, (nimble swimmer 1), tentacles
a: Begin Untransformation


You were on level 3 of the Dungeon.
You were a hulking beast.
You visited 1 branch of the dungeon, and saw 3 of its levels.

You collected 113 gold pieces.

Inventory:

Missiles
 i - 3 silver javelins
Armour
 l - a +0 hat
Talismans
 b - a beast talisman
 c - a flux talisman
Scrolls
 d - 4 scrolls of noise {unknown}
 e - 3 scrolls of identify {unknown}
 f - a scroll of teleportation {unknown}
 g - a scroll of revelation {unknown}
Potions
 a - a potion of lignification
 h - a potion of berserk rage {unknown}
 j - a potion of curing {unknown}
 k - a potion of enlightenment


   Skills:
 + Level 3.0 Fighting
 - Level 2.0 Dodging
 + Level 4.2 Unarmed Combat
 * Level 4.9 Shapeshifting


You had 5 spell levels left.
You didn't know any spells.
Your spell library contained the following spells:

 Spells                   Type           Power      Damage    Failure   Level
 Ensorcelled Hibernation  Hex/Ice        0%         N/A       43%         2
 Jinxbite                 Hex            0%         N/A       43%         2
 Anguish                  Hex/Necr       0%         N/A       97%         4
 Summon Forest            Summ/Tloc      0%         N/A       100%        5
 Eringya's Noxious Bog    Tmut/Pois      0%         4d6       100%        6
 Summon Hydra             Summ           0%         N/A       100%        7


Dungeon Overview and Level Annotations

Branches:
Dungeon (3/15)

Altars:

Shops:
D:1 ?


Innate Abilities, Weirdness & Mutations

You are a hulking beast.
Your limbs bulge with bestial killing power. (Slay +2)
You cannot wear most types of armour.
You are amphibious.
You can wear up to eight rings at the same time.
Your skin changes colour to match your surroundings (Stealth+).
Your rubbery body absorbs attacks. (AC +1, EV +1)
((You are camouflaged when in or above water. (Stealth+)))
You have tentacles for arms and can constrict up to eight enemies at once.


Message History

You tentacle-slap the ball python.
You kill the ball python!
Unknown command.
You swing at nothing.
You tentacle-slap the orc. You grab the orc. You squeeze the orc.
You kill the orc!
You swing at nothing.
You swing at nothing.
You tentacle-slap the orc. You grab the orc.
The orc is heavily wounded.
You constrict the orc. The orc hits you with a +0 falchion.
You tentacle-slap the orc.
You kill the orc!
The orc priest invokes the aid of Beogh against you.
You barely miss something. Something hits you.
An orc wizard comes into view. It is wielding a +0 dagger.
You tentacle-slap something. Your squeeze misses something. Something hits you.
You tentacle-slap something but do no damage.
Something hits you.
You closely miss something. Your squeeze misses something. Something hits you.
You tentacle-slap something.
You hear some strange, mumbled words.
You are confused.
Unknown command.
You're too confused to move!
Something hits you.
You barely miss something. You miss something. Something hits you.
You miss something. Your squeeze misses something.
The orc priest calls down the wrath of Beogh upon you.
Beogh smites you!
* * * LOW HITPOINT WARNING * * *
Something hits you.
* * * LOW HITPOINT WARNING * * *
It was a potion of enlightenment.
You feel very buoyant.
You fly up into the air.
You hear some strange, mumbled words.
A magic dart appears from out of thin air!
The magic dart hits you!
You die...

########
##############
#.......
.....[†oo{h$.#
#.######
#...#..####..# #.#
.
#..####..#######.#
#...†..(.........#
#.#####..#########
#o #..# #{ #..# .o
#... ..###


You could see an orc priest and an orc wizard.

Vanquished Creatures
  Sigmund (D:2)
  Terence (D:2)
  4 adders
  A worm (D:2)
  3 orcs (D:3)
  3 ball pythons
  5 endoplasms
  6 goblins
  A hobgoblin (D:2)
  A jackal (D:2)
  A quokka (D:1)
  2 bats (D:1)
  2 frilled lizards (D:1)
  3 kobolds
  6 rats
40 creatures vanquished.

Notes
Turn   | Place    | Note
-------+----------+-------------------------------------------
     0 | D:1      | LeprechaunX the Octopode Shapeshifter began the quest for
                  | the Orb.
     0 | D:1      | Reached XP level 1. HP: 13/13 MP: 1/1
   192 | D:1      | Reached XP level 2. HP: 18/18 MP: 2/2
   529 | D:1      | Found Hebrup's Magic Scroll Shop.
   864 | D:2      | Reached XP level 3. HP: 20/24 MP: 3/3
  1029 | D:2      | Noticed Sigmund
  1035 | D:2      | Killed Sigmund
  1036 | D:2      | Reached XP level 4. HP: 25/30 MP: 4/4
  1036 | D:2      | Reached XP level 5. HP: 30/35 MP: 5/5
  1663 | D:2      | Noticed Terence
  1667 | D:2      | Found a faded altar of an unknown god.
  1691 | D:2      | Killed Terence
  1692 | D:2      | Reached XP level 6. HP: 41/41 MP: 6/6
  1912 | D:3      | Identified the +2 rapier of Huddots {elec, rF+}
  1997 | D:3      | Killed from afar by an orc wizard

Illustrated notes

Levels and vault maps discovered:
D:1:      dpeg_arrival_subterranean_lakeside_camping, layout_basic,
          serial_shops, shop, minmay_tall_x
D:2:      kb_forest_paths, layout_rooms, ebering_ecumenical_altar_webs,
          uniq_terence, uniq_sigmund
D:3:      minmay_skewed_foursquare, layout_loops_ring,
          wander_ebering_terrifying_dragon_lair, uniq_grinder

Skill      XL: |  1  2  3  4  5  6 |
---------------+-------------------+-----
Fighting       | 2 3 |  3.0
Unarmed Combat | 4 |  4.2
Shapeshifting  | 4 |  4.9
Dodging        | |  2.0

Action                     |  1- 3 |  4- 6 || total
---------------------------+-------+-------++-------
  Melee: Unarmed           |    40 |    45 ||    85
         Tentacles         |    10 |     8 ||    18
         Constrict         |     7 |     9 ||    16
         Punch             |     2 |     2 ||     4
    Use: Potion            |       |     1 ||     1
   Stab: Sleeping          |     5 |     3 ||     8
 Armour: Skin              |    14 |    25 ||    39
  Dodge: Dodged            |    22 |    22 ||    44

Table legend: (Time is in decaauts)
 A = Elapsed time spent in this place.
 B = Non-inter-level travel time spent in this place.
 C = Inter-level travel time spent in this place.
 D = Time resting spent in this place.
 E = Time spent auto-exploring this place.
 F = Levels seen in this place.
 G = Mean time per level.
                   A        B        C        D        E       F      G
               +--------+--------+--------+--------+--------+-----+--------+
         Total |   1990 |   1718 |    272 |      0 |   1480 |   3 |  663.3 |
       Dungeon |   1990 |   1718 |    272 |      0 |   1480 |   3 |  663.3 |
               +--------+--------+--------+--------+--------+-----+--------+

Top non-repeatable levels by time:
     D:2: 974 daAuts
     D:1: 851 daAuts
     D:3: 164 daAuts
